 Dungeon Crawl Stone Soup version 0.19.0-2-gae57169 (webtiles) character file.

4615 Inkary the Cleaver (level 10, -10/90 HPs)
             Began as a Minotaur Gladiator on Nov 5, 2016.
             Was an Elder of Okawaru.
             Mangled by a hill giant
             ... wielding a +0 giant club
              (20 damage)
             ... on level 8 of the Dungeon.
             The game lasted 00:15:05 (7158 turns).

Inkary the Cleaver (Minotaur Gladiator)             Turns: 7158, Time: 00:15:06

Health: -10/90     AC:  9    Str: 23    XL:     10   Next: 19%
Magic:  9/9        EV: 12    Int:  5    God:    Okawaru [****..]
Gold:   446        SH: 10    Dex: 11    Spells: 0 memorised, 9 levels left

rFire  + . .     SeeInvis .     a - +0 war axe
rCold  x . .     Gourm    .     A - +2 leather armour {rPois}
rNeg   . . .     Faith    .     I - +0 shield
rPois  +         Spirit   .     c - +0 hat
rElec  .         Reflect  .     (no cloak)
rCorr  .         Harm     .     D - +2 pair of gloves
MR     .....                    (no boots)
Stlth  +.........               (no amulet)
                                y - ring of fire
                                r - ring of wizardry

@: no status effects
A: retaliatory headbutt, horns 2
a: Heroism, Renounce Religion


You were on level 8 of the Dungeon.
You worshipped Okawaru.
Okawaru was greatly pleased with you.
You were hungry.

You visited 2 branches of the dungeon, and saw 10 of its levels.
You also visited: Ossuary.

You collected 662 gold pieces.
You spent 216 gold pieces at shops.

Inventory:

Hand Weapons
 a - a +0 war axe (weapon)
Missiles
 d - 2 throwing nets (quivered)
Armour
 c - a +0 hat (worn)
 A - a +2 leather armour of poison resistance (worn)
 D - a +2 pair of gloves (worn)
 I - a +0 shield (worn)
Jewellery
 r - a ring of wizardry (left hand)
 y - a ring of fire (right hand)
Wands
 k - a wand of iceblast (5/15)
 o - a wand of disintegration (6/24)
 u - a wand of disintegration (14/24)
 C - a wand of slowing (23/48)
 F - a wand of flame (21/48)
 O - a wand of random effects (33/48)
Scrolls
 b - a scroll of vulnerability {unknown}
 l - 2 scrolls of identify
 m - 2 scrolls of enchant weapon {unknown}
 p - a scroll of noise {unknown}
 q - 9 scrolls of remove curse
 v - a scroll of immolation {unknown}
 w - a scroll of recharging {unknown}
 z - a scroll of fear
 J - a scroll of torment {unknown}
 L - a scroll of enchant armour {unknown}
Potions
 e - 2 potions of heal wounds
 g - a potion of brilliance {unknown}
 j - a potion of haste {unknown}
 t - 2 potions of cancellation
 x - 2 potions of agility
 B - a potion of magic
 E - 2 potions of curing
 G - a potion of resistance {unknown}
 H - a potion of cure mutation
 K - a potion of invisibility {unknown}
 N - 4 potions of flight {unknown}
Comestibles
 f - 9 bread rations
 h - 7 beef jerkies
 i - a royal jelly
 n - 4 meat rations
 s - 3 fruits


   Skills:
 + Level 8.8 Fighting
 * Level 12.6 Axes
 - Level 2.0 Throwing
 - Level 6.2 Armour
 - Level 4.7 Dodging
 + Level 5.8 Shields


You had 9 spell levels left.
You didn't know any spells.

Dungeon Overview and Level Annotations

Branches:
Dungeon (9/15)             Temple (1/1) D:5
   Lair: D:8-11         Orc: D:9-12

Altars:
Ashenzari
Cheibriados
Dithmenos
Elyvilon
Fedhas
Gozag
Hepliaklqana
Kikubaaqudgha
Makhleb
Nemelex Xobeh
Okawaru
Qazlal
Ru
Sif Muna
Trog
Vehumet
Xom
Yredelemnul
Zin
The Shining One

Shops:
D:7 *


Innate Abilities, Weirdness & Mutations

You reflexively headbutt those who attack you in melee.
You have a pair of horns on your head.


Message History

The iguana is severely wounded.
You slash the hill giant!
The hill giant hits you with a giant club!!
* * * LOW HITPOINT WARNING * * *
The iguana bites you.
* * * LOW HITPOINT WARNING * * *
Throwing (i - inventory):
d - 4 throwing nets (quivered)
Press: ? - help, Shift-Dir - straight line, f - hill giant
Aim: a hill giant, wielding a giant club (lightly wounded, immune to nets)
You throw a throwing net.
The throwing net barely misses the hill giant.
Throwing (i - inventory):
d - 3 throwing nets (quivered)
Press: ? - help, Shift-Dir - straight line, f/p - hill giant
Aim: a hill giant, wielding a giant club (lightly wounded, immune to nets)
You throw a throwing net.
The throwing net barely misses the hill giant.
You block the iguana's attack. You block the hill giant's attack.
Unknown command.
The hill giant hits you with a giant club!!
You die...

#...###...# ##..#..#.§.#
###...###).÷÷#
......##############
.......# #.....#
.....?.# #####.#####
.......###########.....#
........<......l#####.##
....##....###.#C@..##.#
..........# #.#.#####.#
.....#....# #.#.#####.#
##........###.#...#.#.#
##.##.###...........#.#
..........###.#.#.#.#.#
##........###.#(#.#.#.#
..............#.#.#.#.#
.......)......#.#.#.#.#


You could see a hill giant and an iguana.

Vanquished Creatures
  The ghost of imganon the Cleaver, a novice DsBe of Trog (D:8)
  A two-headed ogre (D:8)
  2 hippogriffs
  2 orc warriors
  2 ice beasts
  A sky beast (D:6)
  A necrophage (D:8)
  4 ogres
  3 centaurs
  3 big kobolds
  2 bullfrogs
  A wyvern zombie (D:7)
  A gnoll sergeant (D:4)
  5 killer bees (D:8)
  3 scorpions
  4 howler monkeys (D:8)
  6 crimson imps
  The ghost of jacquesderrida the Stinger, a weakling VSWn (D:4)
  4 hounds
  A bullfrog skeleton (D:8)
  3 orc priests
  A gnoll shaman (D:7)
  An iguana (D:8)
  A jelly (D:5)
  8 orc wizards
  9 worker ants
  A big kobold zombie (Ossuary)
  9 mummies
  7 gnolls
  A howler monkey skeleton (D:6)
  10 adders
  2 shadow imps
  An ooze (D:2)
  2 adder skeletons
  An adder zombie (D:7)
  4 worms
  A dart slug (D:2)
  2 leopard geckos
  29 orcs
  2 ball pythons
  8 giant cockroaches
  3 gnoll zombies (Ossuary)
  8 goblins
  8 hobgoblins
  3 jackals (D:2)
  18 kobolds
  3 quokkas
  5 bats
  2 frilled lizards
  2 hobgoblin zombies (Ossuary)
  A jackal skeleton (D:4)
  A kobold zombie (Ossuary)
  A leopard gecko zombie (D:6)
  An orc zombie (Ossuary)
  8 rats
215 creatures vanquished.

Notes
Turn   | Place    | Note
-------+----------+-------------------------------------------
     0 | D:1      | Inkary the Minotaur Gladiator began the quest for the Orb.
     0 | D:1      | Reached XP level 1. HP: 18/18 MP: 0/0
   185 | D:1      | Reached skill level 4 in Axes
   277 | D:1      | Reached XP level 2. HP: 25/25 MP: 1/1
   407 | D:1      | Reached skill level 1 in Armour
   496 | D:2      | Reached XP level 3. HP: 26/30 MP: 2/2
   643 | D:2      | Found an ancient bone altar of Kikubaaqudgha.
   745 | D:2      | Reached skill level 5 in Axes
   747 | D:2      | Reached XP level 4. HP: 29/38 MP: 3/3
  1233 | D:3      | Found a snail-covered altar of Cheibriados.
  1233 | D:3      | Found a burning altar of Makhleb.
  1672 | D:4      | Noticed jacquesderrida's ghost (weakling VSWn)
  1673 | D:4      | Noticed an ogre
  1685 | D:3      | Killed an ogre
  1685 | D:3      | Reached XP level 5. HP: 29/46 MP: 4/4
  1888 | D:4      | Reached skill level 6 in Axes
  1889 | D:4      | Killed jacquesderrida's ghost
  1889 | D:4      | Reached XP level 6. HP: 37/52 MP: 5/5
  1982 | D:4      | Found a white marble altar of Elyvilon.
  2924 | D:5      | Entered Level 5 of the Dungeon
  2956 | D:5      | Reached skill level 7 in Axes
  3189 | D:4      | Reached XP level 7. HP: 46/60 MP: 6/6
  3190 | D:4      | Reached skill level 5 in Fighting
  3401 | D:5      | Found a staircase to the Ecumenical Temple.
  3420 | Temple   | Entered the Ecumenical Temple
  3573 | Temple   | Became a worshipper of Warmaster Okawaru
  3717 | D:5      | Reached skill level 8 in Axes
  3974 | D:6      | Reached skill level 5 in Armour
  4006 | D:6      | Reached XP level 8. HP: 70/70 MP: 7/7
  4012 | D:6      | Reached * piety under Okawaru
  4049 | D:6      | Reached skill level 9 in Axes
  4320 | D:6      | Found a sand-covered staircase.
  4340 | Ossuary  | Entered an ossuary
  4883 | D:7      | Found Kukhla's Assorted Antiques.
  4920 | D:7      | Bought a potion of heal wounds for 120 gold pieces
  4920 | D:7      | Bought a scroll of identify for 48 gold pieces
  4920 | D:7      | Bought a scroll of identify for 48 gold pieces
  4926 | D:7      | Noticed a hippogriff
  4944 | D:7      | Killed a hippogriff
  4944 | D:7      | Reached ** piety under Okawaru
  4944 | D:7      | Reached skill level 10 in Axes
  4944 | D:7      | Reached skill level 1 in Shields
  5073 | D:7      | Reached XP level 9. HP: 53/79 MP: 8/8
  5761 | D:8      | Noticed imganon's ghost (novice DsBe)
  5910 | D:8      | Reached skill level 11 in Axes
  6410 | D:8      | Reached *** piety under Okawaru
  6444 | D:8      | Killed imganon's ghost
  6444 | D:8      | Reached **** piety under Okawaru
  6444 | D:8      | Reached skill level 12 in Axes
  6444 | D:8      | Reached skill level 5 in Shields
  6444 | D:8      | Reached XP level 10. HP: 49/90 MP: 9/9
  6494 | D:8      | Found a hazy altar of Hepliaklqana.
  7129 | D:9      | Noticed a hill giant
  7158 | D:8      | Mangled by a hill giant

Skill      XL: |  1  2  3  4  5  6  7  8  9 |
---------------+----------------------------+-----
Axes           | 4 5 6 7 8 10 12 | 12.6
Armour         | 1 3 4 5 6 |  6.2
Fighting       | 3 4 5 7 8 |  8.8
Dodging        | 4 |  4.7
Shields        | 1 5 |  5.8
Throwing       | |  2.0

Action                   |  1- 3 |  4- 6 |  7- 9 | 10-12 || total
-------------------------+-------+-------+-------+-------++-------
Melee: War axe           |    66 |   101 |   296 |    59 ||   522
       Headbutt          |     9 |    21 |    76 |    10 ||   116
Throw: Throwing net      |       |       |       |     2 ||     2
Invok: Heroism           |       |       |     1 |       ||     1
  Use: Potion            |       |       |     7 |       ||     7
       Scroll            |       |       |    15 |       ||    15
  Eat: Chunk             |       |     7 |     8 |     3 ||    18
       Fruit             |       |       |     2 |       ||     2
Armor: Leather armour    |    18 |    27 |   109 |    18 ||   172
Dodge: Dodged            |    54 |    76 |   179 |    26 ||   335
Block: Shield            |       |       |    98 |    28 ||   126
